 Dungeon Crawl Stone Soup version 0.28.0-53-g5a82cb258f (webtiles) character file.

Game seed: 17145558836022121980

170599 pkoi the Spear-Bearer (level 16, -5/132 HPs)
             Began as a Demigod Conjurer on June 1, 2022.
             Killed from afar by Aizul (9 damage)
             ... with a bolt of poison
             ... on level 3 of the Swamp.
             The game lasted 01:50:56 (56829 turns).

pkoi the Spear-Bearer (Demigod Conjurer)           Turns: 56829, Time: 01:50:57

Health: -5/132     AC: 14    Str:  8    XL:     16   Next: 82%
Magic:  13/51      EV: 13    Int: 40    God:
Gold:   1662       SH: 10    Dex: 14    Spells: 10/33 levels left

rFire   + + .      SeeInvis .   a - +9 lance "Wyrmbane" {slay drac, rPois rF+ rC+ AC+3}
rCold   + + .      Faith    .   l - +0 buckler
rNeg    . . .      Spirit   .   S - +1 ring mail of Ocarph {rCorr MP+9 Dex+2}
rPois   +          Reflect  +   (no helmet)
rElec   .          Harm     .   n - scarf {rC+ rF+}
rCorr   +          Rampage  .   f - +0 pair of gloves
Will    +....                   h - +1 pair of boots
Stlth   +.........              j - amulet of reflection
HPRegen 0.32/turn               r - ring of magical power
MPRegen 0.32/turn               A - ring of wizardry

@: very slow
A: high MP 1, forlorn, divine attributes, subdued magic 1
a: no special abilities


You were on level 3 of the Swamp.
You visited 5 branches of the dungeon, and saw 27 of its levels.
You also visited: Volcano.

You collected 2810 gold pieces.
You spent 1148 gold pieces at shops.

Inventory:

Hand Weapons
 a - the +9 lance "Wyrmbane" (weapon) {slay drac, rPois rF+ rC+ AC+3}
   (You took it off Maggie on level 6 of the Dungeon)

   It inflicts extra damage against dragons and draconians.
   AC:        It affects your AC (+3).
   rF:        It protects you from fire.
   rC:        It protects you from cold.
   rPois:     It protects you from poison.
Missiles
 k - 3 throwing nets
 K - 12 curare-tipped darts
Armour
 f - a +0 pair of gloves (worn)
 h - a +1 pair of boots (worn)
 l - a +0 buckler (worn)
 n - a scarf of resistance (worn)
 H - a +0 cloak
 S - the +1 ring mail of Ocarph (worn) {rCorr MP+9 Dex+2}
   (You bought it in a shop on level 10 of the Dungeon)

   Dex:       It affects your dexterity (+2).
   MP:        It affects your magic capacity (+9).
   rCorr:     It protects you from acid and corrosion.
Magical Staves
 b - a staff of air
Jewellery
 d - a ring of protection from cold
 j - an amulet of reflection (around neck)
 r - a ring of magical power (left hand)
 y - a ring of see invisible
 A - a ring of wizardry (right hand)
 D - an amulet of regeneration
 I - a ring of protection from fire
 J - a ring of fire
Wands
 e - a wand of flame (27)
 B - a wand of charming (18)
 L - a wand of iceblast (6)
 M - a wand of mindburst (13)
 T - a wand of polymorph (11)
 V - a wand of paralysis (5)
 W - a wand of acid (10)
 X - a wand of digging (10)
Scrolls
 c - 2 scrolls of fog
 i - 16 scrolls of identify
 m - a scroll of acquirement
 o - 4 scrolls of enchant armour
 s - 3 scrolls of enchant weapon
 t - 5 scrolls of magic mapping
 x - 2 scrolls of fear
 C - 2 scrolls of amnesia
 E - 4 scrolls of teleportation
 G - 3 scrolls of summoning
 R - a scroll of brand weapon
 U - 3 scrolls of vulnerability
Potions
 g - 8 potions of haste
 p - 3 potions of heal wounds
 q - a potion of berserk rage
 u - 2 potions of might
 v - 3 potions of brilliance
 w - 4 potions of magic
 z - 4 potions of curing
 F - 3 potions of invisibility
 N - 2 potions of resistance
 O - a potion of flight
 P - 4 potions of ambrosia
Miscellaneous
 Q - a phantom mirror


   Skills:
 - Level 9.0 Fighting
 - Level 12.0 Polearms
 + Level 8.9 Armour
 - Level 9.0 Dodging
 + Level 4.7 Stealth
 + Level 6.1 Shields
 - Level 9.0 Spellcasting
 - Level 12.0 Conjurations
 - Level 6.0 Hexes
 + Level 7.4 Translocations
 + Level 8.4 Air Magic
 - Level 6.0 Evocations


You had 10 spell levels left.
You knew the following spells:

 Your Spells              Type           Power      Damage    Failure   Level
a - Magic Dart            Conj           100%       1d8       0%          1
b - Searing Ray           Conj           100%       2d8       1%          2
c - Iskenderun's Mystic   Conj/Tloc      65%        2d13      1%          4
d - Fulminant Prism       Conj/Hex       31%        3d16      1%          4
e - Apportation           Tloc           100%       N/A       1%          1
f - Conjure Ball Lightni  Conj/Air       33%        3x3d11    4%          6
g - Manifold Assault      Tloc           56%        N/A       2%          5

Your spell library contained the following spells:

 Spells                   Type           Power      Damage    Failure   Level
 Animate Skeleton         Necr           26%        N/A       1%          1
 Beastly Appendage        Tmut           26%        N/A       1%          1
 Pain                     Necr           52%        1d6       1%          1
 Summon Small Mammal      Summ           52%        N/A       1%          1
 Blink                    Tloc           100%       N/A       1%          2
 Static Discharge         Conj/Air       67%        N/A       1%          2
 Confusing Touch          Hex            50%        N/A       1%          3
 Dazzling Flash           Conj/Hex       100%       N/A       1%          3
 Lesser Beckoning         Tloc           56%        N/A       1%          3
 Portal Projectile        Hex/Tloc       100%       N/A       1%          3
 Stone Arrow              Conj/Erth      100%       3d13      1%          3
 Sticky Flame             Conj/Fire      50%        2d7       1%          4
 Sublimation of Blood     Necr           13%        N/A       3%          2
 Wereblood                Tmut           13%        N/A       3%          2
 Spider Form              Tmut/Pois      13%        N/A       6%          3
 Yara's Violent Unravell  Hex/Tmut       16%        3d8       17%         5
 Animate Armour           Summ/Erth      26%        N/A       21%         4
 Dispel Undead            Necr           13%        3d9       21%         4
 Agony                    Necr           13%        N/A       50%         5
 Blade Hands              Tmut           6%         N/A       50%         5
 Excruciating Wounds      Necr           6%         N/A       50%         5
 Enfeeble                 Hex            25%        N/A       82%         7
 Disjunction              Tloc           28%        N/A       99%         8
 Summon Hydra             Summ           6%         N/A       100%        7
 Discord                  Hex            25%        N/A       100%        8
 Lehudib's Crystal Spear  Conj/Erth      25%        10d7      100%        8


Dungeon Overview and Level Annotations

Branches:
Dungeon (15/15)            Temple (0/1) D:7            Lair (6/6) D:11
  Swamp (3/4) Lair:3       Spider (1/4) Lair:3        Slime (0/5) Lair:6
    Orc (2/2) D:9             Elf (0/3) Orc:2        Vaults (0/5) D:14
 Depths (0/4) D:15        Volcano (visited)

Shops:
D:5 *   D:7 **:(?   D:10 [   D:11 **=   Orc:2 ![**

Annotations:
D:12 2 transporters
Swamp:3 Aizul
Spider:1 Roxanne


Innate Abilities, Weirdness & Mutations

You have an increased reservoir of magic. (+10% MP)
You shall have no god before yourself.
Your divine heritage dramatically boosts your attributes as you level up.
Your spells are a little easier to cast, but a little less powerful.


Message History

The tyrant leech draws strength from your injuries!
As you read the scroll of fear, it crumbles to dust.
You assume a fearsome visage.
Aizul looks frightened!
The alligator looks frightened!
The ghost crab is unaffected.
The tyrant leech looks frightened!
You block the ghost crab's attack. The ghost crab closely misses you.
A bunyip comes into view.
You feel much better. You block the ghost crab's attack.
The ghost crab completely misses you.
A bunyip comes into view.
You enter the shallow water.
Moving in this stuff is going to be slow.
A goliath frog comes into view.
The bunyip gives a hideous shriek!
Aizul seems to regain her courage.
You block the bunyip's attack. The bunyip claws you.
* * * LOW HITPOINT WARNING * * *
The bunyip claws you!
* * * LOW HITPOINT WARNING * * *
The ghost crab breathes spectral mist at you.
The spectral mist engulfs you but does no damage.
Unknown command.
Casting: Iskenderun's Mystic Blast (safe; 1% risk of failure)
Confirm with . or Enter, or press ? or * to list all spells.
You erupt in a blast of force!
The mystic blast hits the spectral fenstrider witch!!
The spectral fenstrider witch is moderately damaged.
The spectral fenstrider witch is knocked back by the mystic blast.
The mystic blast hits the bunyip!
The bunyip is moderately wounded.
The bunyip is knocked back by the mystic blast.
The mystic blast hits the ghost crab!
The ghost crab is lightly damaged.
The ghost crab is knocked back by the mystic blast.
You are engulfed in spectral mist.
* * * LOW HITPOINT WARNING * * *
Aizul hisses menacingly.
Aizul coils herself and waves her upper body at you.
The bolt of poison hits the bunyip.
The bolt of poison hits you! You resist.
You die...

.≈≈..≈≈≈..≈≈≈≈≈..≈
♣...≈§§≈.≈≈≈≈≈≈..≈
≈♣♣♣..≈≈≈≈≈..≈≈≈≈≈.$.
.≈...≈≈≈≈≈≈≈≈≈≈≈≈≈≈?♣
t≈..≈§≈≈≈≈≈...≈≈≈≈≈.♣
♣....≈.....S≈≈≈≈$♣
≈♣♣♣.†≈.§○.x.≈≈≈....
.≈≈≈≈§≈≈○☼○§☼≈≈≈≈.≈≈♣
≈≈≈..≈Zt°§@♣≈≈≈≈≈..≈♣
≈≈§♣..≈≈≈♣♣☼..♣♣♣♣♣♣♣
♣§.(....≈<..x≈♣
♣♣.≈≈♣♣.≈§≈≈≈F.♣
♣♣.≈♣≈.≈≈≈≈≈...♣
♣≈≈..≈§≈≈≈≈..... .
≈?.≈≈≈..≈≈.≈≈≈≈
≈.≈..≈≈≈≈..≈≈≈≈≈
.>♣$.≈≈≈≈.≈≈≈≈≈


You could see Aizul, 2 bunyips, a ghost crab, a spectral fenstrider witch
(summoned) and a goliath frog.

Vanquished Creatures
  Rupert (D:14)
  A tentacled monstrosity (Swamp:2)
  Jorgrun (D:14)
  Agnes (Spider:1)
  Frances (D:14)
  2 eleionomae
  Azrael (Spider:1)
  A bunyip (Swamp:1)
  A dire elephant (D:15)
  Josephine (Lair:6)
  A boulder beetle (D:13)
  11 hydras
  An ogre mage (D:15)
  A catoblepas (D:13)
  A ghost crab (Swamp:2)
  4 centaur warriors
  3 dancing weapons
  11 two-headed ogres
  8 alligators
  The ghost of issech the Slicer, a novice MiMo of Hepliaklqana (D:9)
  8 death yaks
  4 orc high priests (Orc:2)
  3 skeletal warriors (D:13)
  2 goliath frogs
  2 steelbarb worms (Spider:1)
  A swamp dragon (Swamp:2)
  2 spriggan druids
  4 bog bodies
  An orange crystal statue (D:14)
  7 wizards
  10 orc knights
  Pikel (D:9)
  A lindwurm (Lair:6)
  A wolf spider zombie (D:14)
  A necromancer (D:14)
  6 wolf spiders
  3 manticores
  4 cyclopes
  5 orc sorcerers
  23 ugly things
  12 elephants
  3 will-o-the-wisps
  5 toenail golems (Volcano)
  An ice statue (D:14)
  2 torpor snails
  A naga mage (D:15)
  7 cane toads
  Maggie (D:6)
  3 kobold demonologists
  An efreet (D:13)
  A rime drake (Lair:4)
  2 demonic crawlers (Lair:3)
  2 freezing wraiths
  A redback zombie (D:14)
  6 komodo dragons
  6 trolls
  A bloated husk (Swamp:1)
  A merfolk (D:15)
  A merfolk (shapeshifter) (D:13)
  8 polar bears
  3 meliai (Spider:1)
  4 hornets
  A wolf spider simulacrum (D:14)
  8 dream sheep (Lair:6)
  3 tarantellas (Spider:1)
  A blink frog (shapeshifter) (Lair:3)
  2 tyrant leeches (Swamp:1)
  9 blink frogs (Lair:6)
  7 slime creatures (D:15)
  6 jumping spiders
  7 wraiths
  20 spriggans
  3 culicivoras
  3 wyverns
  57 yaks
  3 basilisks
  3 fire elementals
  A steam dragon (D:9)
  20 redbacks
  Menkaure (D:6)
  5 swamp worms
  6 vampire mosquitoes
  4 acid dragons
  25 water moccasins
  8 wargs
  5 hell hounds (Spider:1)
  23 orc warriors
  Duvessa (D:7)
  Pargi (D:3)
  A sky beast (D:7)
  An ice beast (D:8)
  2 black bears
  2 hornet zombies
  4 swamp drakes
  9 ogres
  11 centaurs
  4 boggarts (Lair:6)
  32 wolves
  2 phantoms
  2 lemures (D:9)
  11 kobold brigands (D:9)
  2 gnoll sergeants
  11 bullfrogs
  A scorpion (D:5)
  A water moccasin zombie (D:7)
  Dowan (D:7)
  5 wights (D:9)
  5 howler monkeys (D:10)
  A bullfrog zombie (D:5)
  3 centaur zombies
  5 hounds
  12 jellies
  A gnoll shaman (D:9)
  14 orc priests
  3 centaur skeletons
  2 bullfrog skeletons
  24 orc wizards
  4 iguanas
  A hound skeleton (D:4)
  10 gnolls
  6 adders
  A white imp (D:8)
  An ufetubus (D:5)
  2 adder skeletons (D:4)
  2 worms (D:2)
  2 dart slugs
  65 orcs
  5 ball pythons
  6 endoplasms
  2 giant cockroaches
  5 goblins
  8 hobgoblins
  3 quokkas
  2 bats (D:2)
  A frilled lizard (D:3)
  14 kobolds
  3 rats
  3 fulminant prisms
765 creatures vanquished.

Vanquished Creatures (others)
  6 ball lightnings (D:14)
  19 foxfires
  420 fulminant prisms
  66 fungi
  57 plants
  3 toadstools (D:12)
571 creatures vanquished.

Grand Total: 1336 creatures vanquished

Notes
Turn   | Place    | Note
-------+----------+-------------------------------------------
     0 | D:1      | pkoi the Demigod Conjurer began the quest for the Orb.
     0 | D:1      | Reached XP level 1. HP: 14/14 MP: 5/5
   440 | D:1      | Reached XP level 2. HP: 20/20 MP: 0/7
  1219 | D:2      | Reached XP level 3. HP: 25/26 MP: 4/8
  1819 | D:3      | Reached skill level 5 in Conjurations
  1903 | D:3      | You fall into a shaft and drop 1 floor!
  2049 | D:3      | Learned a level 2 spell: Searing Ray
  2563 | D:3      | Noticed Pargi
  2657 | D:3      | Reached XP level 4. HP: 33/33 MP: 7/9
  3005 | D:3      | Gained mutation: Your spells are a little easier to cast,
                  | but a little less powerful. [potion of mutation]
  3084 | D:4      | Noticed a phantom
  3093 | D:4      | Killed a phantom
  3274 | D:4      | Learned a level 4 spell: Iskenderun's Mystic Blast
  3352 | D:4      | Identified the +2 robe "Zekkyfai" {Rampage Dex+4 Stlth-}
  3384 | D:4      | Reached XP level 5. HP: 37/38 MP: 4/11
  4028 | D:4      | Reached skill level 1 in Translocations
  4028 | D:4      | Reached skill level 1 in Evocations
  4646 | D:5      | Entered Level 5 of the Dungeon
  4720 | D:5      | Reached XP level 6. HP: 24/45 MP: 9/13
  5194 | D:4      | Learned a level 4 spell: Fulminant Prism
  5257 | D:5      | Reached skill level 1 in Hexes
  6020 | D:5      | Reached XP level 7. HP: 47/50 MP: 11/14
  6566 | D:5      | Identified the +10 spear of the Incandescent {elec, rPois
                  | rF- rC++ Dex+2}
  7241 | D:5      | Found Vefaggem's Assorted Antiques.
  7417 | D:6      | Reached XP level 8. HP: 57/57 MP: 4/15
  7877 | D:6      | Noticed Menkaure
  7880 | D:6      | Killed Menkaure
  8127 | D:6      | Noticed Maggie
  8513 | D:6      | Killed Maggie
  8514 | D:6      | Reached skill level 1 in Polearms
  8702 | D:6      | Reached skill level 5 in Translocations
  9117 | D:6      | Identified the +9 long sword "Meyphol" {freeze, rElec
                  | Dex+5}
  9536 | D:7      | Found Waicrir's Book Shoppe.
  9543 | D:7      | Reached skill level 5 in Evocations
  9748 | D:7      | Noticed Duvessa
  9799 | D:7      | Noticed Dowan
  9805 | D:7      | Killed Duvessa
  9992 | D:7      | Killed Dowan
  9997 | D:7      | Noticed a two-headed ogre
 10059 | D:7      | Found Qyuguso's Weapon Emporium.
 10068 | D:6      | Reached XP level 9. HP: 21/62 MP: 1/16
 10321 | D:7      | Killed a two-headed ogre
 10322 | D:7      | Reached skill level 5 in Hexes
 10541 | D:7      | Found Veixuept's Magic Scroll Shop.
 10637 | D:7      | Found Gid Emm's Assorted Antiques.
 10701 | D:7      | Found Cytidd's General Store.
 10874 | D:7      | Found a staircase to the Ecumenical Temple.
 11019 | D:3      | Killed Pargi
 12182 | D:8      | Reached skill level 5 in Polearms
 13570 | D:9      | Noticed Pikel
 13592 | D:9      | Killed Pikel
 13697 | D:9      | Found a staircase to the Orcish Mines.
 14196 | D:9      | Reached XP level 10. HP: 69/69 MP: 12/17
 14622 | D:9      | Found a runed translucent gate.
 14635 | D:9      | Found a runed translucent gate.
 14636 | D:9      | Found a runed translucent gate.
 14639 | D:9      | Noticed issech's ghost (novice MiMo)
 14970 | D:10     | Entered Level 10 of the Dungeon
 14981 | D:10     | Reached skill level 1 in Fighting
 15075 | D:10     | Reached skill level 1 in Armour
 15425 | D:10     | Identified the +11 glaive of Regicide {vorpal, *Noise
                  | Fragile Will++ Int+8}
 16022 | D:10     | Found Zeh Moxt's Antique Armour Emporium.
 16518 | D:11     | Found a staircase to the Lair.
 16833 | D:11     | Found Hoyceune's General Store.
 17437 | D:11     | Noticed a two-headed ogre
 17452 | D:11     | Killed a two-headed ogre
 17453 | D:11     | Reached XP level 11. HP: 39/82 MP: 8/21
 17768 | D:11     | Found Xeyttoj's Assorted Antiques.
 17777 | D:11     | Bought a scroll labelled SOUTHR PAGGULLUI for 32 gold
                  | pieces
 17945 | D:11     | Found Huamitu's Jewellery Shoppe.
 18056 | Lair:1   | Entered Level 1 of the Lair of Beasts
 18671 | Lair:1   | Noticed an eight-headed hydra
 18692 | Lair:1   | Killed an eight-headed hydra
 20115 | Lair:2   | Reached skill level 5 in Spellcasting
 20823 | Lair:2   | Reached skill level 5 in Dodging
 21324 | Lair:2   | Noticed an eight-headed hydra
 21338 | Lair:2   | Killed an eight-headed hydra
 21867 | Lair:3   | Found a staircase to the Swamp.
 21867 | Lair:3   | Noticed a bog body
 21879 | Lair:3   | Killed a bog body
 21880 | Lair:3   | Reached skill level 5 in Fighting
 22572 | Lair:3   | Reached XP level 12. HP: 14/94 MP: 1/24
 23075 | Lair:3   | Noticed a seven-headed hydra
 23089 | Lair:3   | Killed a seven-headed hydra
 24001 | Lair:3   | Found a hole to the Spider Nest.
 24426 | Lair:4   | Found a dark tunnel.
 24439 | Volcano  | Entered a volcano
 24845 | Volcano  | Reached skill level 10 in Polearms
 25897 | Lair:4   | Noticed a five-headed hydra
 25914 | Lair:4   | Killed a five-headed hydra
 27495 | Lair:4   | Reached XP level 13. HP: 88/103 MP: 23/28
 29335 | Lair:6   | Entered Level 6 of the Lair of Beasts
 29557 | Lair:5   | HP: 5/104 [death yak[a torpor snail] (10)]
 30305 | Lair:6   | Reached skill level 10 in Conjurations
 30422 | Lair:6   | Learned a level 1 spell: Apportation
 30446 | Lair:6   | Found a staircase to the Slime Pits.
 31738 | Lair:6   | Noticed Josephine
 31749 | Lair:6   | Killed Josephine
 31750 | Lair:6   | Reached skill level 5 in Armour
 33514 | Lair:6   | Reached XP level 14. HP: 101/113 MP: 31/31
 33993 | Lair:6   | Learned a level 6 spell: Conjure Ball Lightning
 34638 | D:12     | Reached skill level 1 in Air Magic
 34852 | D:12     | Found a transporter.
 34886 | D:12     | Found a transporter.
 35570 | D:10     | Bought a bronze ring mail for 234 gold pieces
 35570 | D:10     | Identified the +3 ring mail of Irirr {-Tele rC+ rN++ rCorr}
                  | (You bought it in a shop on level 10 of the Dungeon)
 35570 | D:10     | Bought a slimy ring mail for 234 gold pieces
 35570 | D:10     | Identified the +1 ring mail of Ocarph {rCorr MP+9 Dex+2}
                  | (You bought it in a shop on level 10 of the Dungeon)
 36242 | Swamp:1  | Entered Level 1 of the Swamp
 37368 | Swamp:1  | Found the +14 obsidian axe {vorpal, Mesm Drain Fly SInv}
 37640 | Swamp:1  | Reached skill level 5 in Air Magic
 37640 | Swamp:1  | Reached XP level 15. HP: 121/121 MP: 32/32
 38211 | Swamp:2  | Noticed a tentacled monstrosity
 38665 | Spider:1 | Entered Level 1 of the Spider Nest
 39002 | Spider:1 | Noticed Azrael
 39576 | Spider:1 | Noticed Agnes
 39577 | Spider:1 | Killed Azrael
 39578 | Spider:1 | Reached skill level 1 in Shields
 39939 | Spider:1 | Killed Agnes
 40967 | Spider:1 | Identified Roxanne's Volume of Transmutation
 40967 | Spider:1 | Noticed Roxanne
 41690 | Swamp:2  | Killed a tentacled monstrosity
 43150 | Orc:1    | Entered Level 1 of the Orcish Mines
 43399 | Orc:2    | Entered Level 2 of the Orcish Mines
 45112 | Orc:2    | Found Nowniluz's Assorted Antiques.
 45112 | Orc:2    | Found Tauvear's General Store.
 45115 | Orc:2    | Found Moapump's Distillery.
 45115 | Orc:2    | Found Onaotum's Antique Armour Shop.
 45178 | Orc:2    | Bought 2 potions of heal wounds for 160 gold pieces
 45179 | Orc:2    | Bought an embroidered scarf for 296 gold pieces
 45228 | Orc:2    | Found a staircase to the Elven Halls.
 45872 | D:9      | Reached XP level 16. HP: 128/130 MP: 33/33
 46164 | D:9      | Killed issech's ghost
 48090 | D:14     | Noticed Frances
 48118 | D:14     | Killed Frances
 48578 | D:13     | Learned a level 5 spell: Manifold Assault
 48643 | D:14     | Noticed Jorgrun
 48661 | D:14     | Noticed Rupert
 49102 | D:14     | Paralysed by Rupert for 6 turns
 49322 | Orc:2    | Bought a potion of curing for 48 gold pieces
 49322 | Orc:2    | Bought a potion of curing for 48 gold pieces
 49322 | Orc:2    | Bought a potion of curing for 48 gold pieces
 49322 | Orc:2    | Bought a potion of curing for 48 gold pieces
 49461 | D:14     | Killed Rupert
 50133 | D:14     | Killed Jorgrun
 50653 | D:14     | Found a gate to the Vaults.
 51972 | D:14     | Reached skill level 5 in Shields
 52243 | D:15     | Entered Level 15 of the Dungeon
 54535 | D:15     | Found a staircase to the Depths.
 56311 | Swamp:3  | Noticed Aizul
 56818 | Swamp:3  | HP: 5/132 [tyrant leech (26)]
 56823 | Swamp:3  | HP: 4/132 [tyrant leech (7)]
 56829 | Swamp:3  | HP: 3/132 [ghost crab] (6)]
 56829 | Swamp:3  | Killed from afar by Aizul

Illustrated notes

Levels and vault maps discovered:
D:1:      scummos_arrival_simple_crosswalls, layout_basic,
          hellmonk_ecumenical_altar_crossroads
D:2:      layout_basic
D:3:      layout_basic, uniq_pargi
D:4:      layout_basic, minmay_misc_feat_rows, grunt_ministairs_12, fountainhead
D:5:      layout_layer_cave, serial_shops, nicolae_shop_statue_plus,
          kennysheep_dice
D:6:      layout_basic, mainiacjoe_overflow_divided_tiny,
          hangedman_decor_slide_cut, minivault_10, uniq_maggie, uniq_menkaure
D:7:      layout_rooms, nicolae_hepliaklqana_hazy_memory,
          grunt_temple_overflow_open, minmay_temple_entry_poolview,
          serial_shops, shop, shop, nicolae_stop_n_shop_1,
          nicolae_stop_n_shop_1, nicolae_shop_behind_doors, uniq_duvessa
D:8:      layout_loops_ring, trog_book, kennysheep_little_box,
          grunt_decor_clamped
D:9:      layout_irregular_city, nicolae_qazlal_style_of_elements,
          minmay_orc_entry_guard_dogs, gammafunk_ghost_nasty_kobolds,
          serial_glass, glass_columns_a, glass_columns_a, uniq_pikel
D:10:     layout_roguey, mainiacjoe_overflow_small_starburst, serial_shops,
          nicolae_shop_hallway_plus, hangedman_decor_clover_reticule
D:11:     layout_long_grid, lair_entry_dummy, serial_shops,
          nicolae_lakefront_shop, kennysheep_mini_moat, nicolae_shop_crystal
D:12:     layout_gridville, gammafunk_ghost_abyssal_escape,
          minmay_gold_behind_fungi
D:13:     layout_loops_corners, the_hattery
D:14:     layout_layer_cave, erik_vaults_1, minmay_more_statues, uniq_frances,
          uniq_jorgrun, uniq_rupert
D:15:     hangedman_depths_entry_try_elsewhere_first, layout_long_grid,
          serial_co_window_serial, co_window_paths_a,
          co_window_of_opportunity_a, co_window_corner_a, co_window_corner_a,
          co_window_corner_a, co_window_broadway_a, co_window_broadway_a,
          co_window_unsneaky_path_e, co_window_2corner, co_window_2corner,
          co_window_corner_cb, co_window_2corner, co_window_paths_e
Lair:1:   layout_layer_cave
Lair:2:   layout_cave_pods, patterned_corridor, lemuel_fruit_fields
Lair:3:   layout_chaotic_city, skrybe_swamp_entry_bodies,
          nicolae_spider_entry_tight_spaces, st_stairs_9
Lair:4:   layout_regular_city, enter_volcano_4
Lair:5:   layout_cave_pods
Lair:6:   minmay_lair_end_enchanted_forest, layout_cave_pods,
          minmay_slime_entry_jelly_boxes, uniq_josephine
Swamp:1:  layout_falls_marsh, evilmike_swamp_ruin_house_3
Swamp:2:  layout_falls_marsh, evilmike_swamp_ruin_house_6, swamp_pool5,
          nicolae_swamp_bean_lake
Swamp:3:  layout_basic_swamp, evilmike_swamp_ruin_rubble_2, swamp_pool3,
          uniq_aizul
Spider:1: layout_spider_delve, uniq_roxanne, uniq_azrael, uniq_agnes
Orc:1:    layout_diamond_mine, serial_shops, nicolae_shop_advertising_works
          [nicolae_subvault_shop_adworks]
Orc:2:    grunt_orc_tribal_feast, layout_caves, statue_in_the_mist_lemuel,
          bh_open_orc_temple

Skill      XL: |  1  2  3  4  5  6  7  8  9 10 11 12 13 14 15 16 |
---------------+-------------------------------------------------+-----
Conjurations   | 4 5 6 7 8 9 10 11 12 | 12.0
Spellcasting   | 2 3 4 5 7 8 9 |  9.0
Translocations | 1 2 4 5 6 7 |  7.4
Evocations     | 1 2 4 5 6 |  6.0
Hexes          | 1 3 4 6 |  6.0
Polearms       | 2 7 8 9 10 12 | 12.0
Dodging        | 3 5 6 7 8 9 |  9.0
Fighting       | 3 5 6 7 8 9 |  9.0
Armour         | 3 4 5 6 7 8 |  8.9
Air Magic      | 5 6 8 |  8.4
Stealth        | 2 3 4 |  4.7
Shields        | 3 6 |  6.1

Action                   |  1- 3 |  4- 6 |  7- 9 | 10-12 | 13-15 | 16-18 || total
-------------------------+-------+-------+-------+-------+-------+-------++-------
Melee: Dagger            |    11 |    20 |       |       |       |       ||    31
       Quarterstaff      |       |    22 |    18 |       |       |       ||    40
       Spear             |       |       |    21 |       |       |       ||    21
       Lance             |       |       |    92 |   345 |   414 |   148 ||   999
       Punch             |       |       |       |     5 |     7 |       ||    12
 Cast: Magic Dart        |    89 |    77 |   136 |    83 |   128 |    10 ||   523
       Searing Ray       |       |     1 |     4 |    11 |       |       ||    16
       Iskenderun's Myst |       |       |    18 |    93 |   253 |   190 ||   554
       Fulminant Prism   |       |       |    23 |    83 |   180 |   138 ||   424
       Manifold Assault  |       |       |       |       |       |     9 ||     9
       Conjure Ball Ligh |       |       |       |       |       |     3 ||     3
Evoke: Wand              |       |       |       |     5 |     1 |     1 ||     7
  Use: Scroll            |     4 |     3 |    11 |     2 |     3 |     2 ||    25
       Potion            |       |     6 |     6 |       |     2 |     5 ||    19
 Stab: Sleeping          |       |       |     2 |     2 |       |     1 ||     5
       Distracted        |       |       |     1 |     1 |     1 |       ||     3
       Confused          |       |       |       |       |     2 |       ||     2
Armor: Robe              |     5 |    26 |    54 |   116 |       |       ||   201
       Steam dragon scal |       |       |       |     1 |    90 |       ||    91
       Ring mail         |       |       |       |       |    81 |    54 ||   135
Dodge: Dodged            |    16 |    47 |    78 |   197 |   223 |    81 ||   642
Block: Other             |       |       |    30 |    78 |    55 |       ||   163
       Reflection        |       |       |     1 |     1 |     8 |    16 ||    26
       Buckler           |       |       |       |       |   106 |    87 ||   193
